 Dungeon Crawl Stone Soup version 0.26.1-11-gd32895ea62 (webtiles) character file.

Game seed: 9050583254496389272

201 Fzanck the Covered (level 5, -1/47 HPs)
             Began as a Minotaur Fighter on Apr 27, 2021.
             Was an Initiate of Yredelemnul.
             Killed from afar by Natasha (5 damage)
             ... with a magic dart
             ... on level 4 of the Dungeon.
             The game lasted 00:11:47 (1922 turns).

Fzanck the Covered (Minotaur Fighter)               Turns: 1922, Time: 00:11:48

Health: -1/47      AC:  8    Str: 21    XL:     5   Next: 50%
Magic:  4/4        EV:  8    Int:  5    God:    Yredelemnul [......]
Gold:   77         SH:  9    Dex: 10    Spells: 4/4 levels left

rFire    . . .     SeeInvis .   a - +0 war axe
rCold    . . .     Faith    .   c - +0 kite shield
rNeg     . . .     Spirit   .   b - +0 scale mail
rPois    .         Reflect  .   (helmet restricted)
rElec    .         Harm     .   (no cloak)
rCorr    .         Rampage  .   (no gloves)
Will     .....                  i - +0 pair of boots
Stlth    ..........             (no amulet)
HPRegen  0.15/turn              (no ring)
MPRegen  0.09/turn              (no ring)

@: no status effects
A: retaliatory headbutt, horns 2
a: Renounce Religion


You were on level 4 of the Dungeon.
You worshipped Yredelemnul.
Yredelemnul was noncommittal.
You visited 2 branches of the dungeon, and saw 4 of its levels.

You collected 77 gold pieces.

Inventory:

Hand Weapons
 a - a +0 war axe (weapon)
Missiles
 q - 2 boomerangs (quivered)
Armour
 b - a +0 scale mail (worn)
 c - a +0 kite shield (worn)
 g - a +0 helmet
 i - a +0 pair of boots (worn)
 j - a +0 robe
 k - a +0 plate armour
Jewellery
 m - a cursed ring of willpower {unknown}
 o - an uncursed amulet of faith {unknown}
 r - an uncursed ring of stealth {unknown}
Scrolls
 f - a scroll of remove curse {unknown}
 n - a scroll of teleportation {unknown}
 u - a scroll of fog {unknown}
 v - a scroll of identify {unknown}
Potions
 d - 2 potions of might
 e - a potion of cancellation
 l - 2 potions of attraction {unknown}
 p - a potion of mutation {unknown}
 s - a potion of brilliance {unknown}
 t - a potion of flight {unknown}


   Skills:
 + Level 4.5 Fighting
 + Level 4.2 Axes
 + Level 5.2 Armour
 + Level 1.3 Dodging
 + Level 4.2 Shields


You had 4 spell levels left.
You didn't know any spells.
Your spell library was empty.

Dungeon Overview and Level Annotations

Branches:
Dungeon (4/15)             Temple (1/1) D:4

Altars:
Ashenzari
Cheibriados
Elyvilon
Fedhas
Gozag
Hepliaklqana
Kikubaaqudgha
Makhleb
Nemelex Xobeh
Okawaru
Qazlal
Ru
Sif Muna
Trog
Uskayaw
Vehumet
Wu Jian
Xom
Yredelemnul
Zin
The Shining One

Annotations:
D:4 Natasha


Innate Abilities, Weirdness & Mutations

You reflexively headbutt those who attack you in melee.
You have a pair of horns on your head.


Message History

You headbutt Natasha.
Natasha is almost dead.
You feel yourself speed up.
Natasha casts a spell.
Natasha claws you.
* * * LOW HITPOINT WARNING * * *
The crimson imp blinks!
Natasha mumbles some strange words.
Natasha glows brightly for a moment.
The crimson imp disappears in a puff of smoke!
You see here a runed robe.
Natasha claws you!
* * * LOW HITPOINT WARNING * * *
Natasha is nearby!
Natasha claws you.
* * * LOW HITPOINT WARNING * * *
Natasha casts a spell at you. The magic dart hits you.
You die...
Your body rises from the dead as a mindless zombie.

#..#.#†#######....5§/...# .....#
#.##.#.#...#..[######.#.## ....##
#....#.#.#.#.....####.#..###..###
####.#.#.#.#####5.........##.###.
..##.#.#.#.# ###.58.8.8....##..
..##.#...#.# ##h.⌠.⌠.........
..##.#####.### ##..8.>.8..##....
.....#...#.#...##....⌠.⌠....#....
####.#.#.#.# #..@...8.8.8.#......
#..#.#.#.####..................
###.##.#.#.##........##.##.###...
.....#.#...#.....######....# ###.
.....#.########### ###.( #.
.....#.#...# ## .....#.#.#.#
.....#.#.#.# .....#.#.#.#


You could see Natasha and a crimson imp (summoned).

Vanquished Creatures
  A phantom (D:4)
  A worker ant (D:4)
  Natasha (twice) (D:4)
  2 adders
  2 dart slugs (D:1)
  A leopard gecko (D:4)
  3 goblins (D:1)
  4 hobgoblins (D:1)
  2 kobolds (D:1)
  A quokka (D:4)
  A bat (D:1)
  A frilled lizard (D:1)
  A jackal skeleton (D:4)
  2 rats (D:1)
24 creatures vanquished.

Notes
Turn   | Place    | Note
-------+----------+-------------------------------------------
     0 | D:1      | Fzanck the Minotaur Fighter began the quest for the Orb.
     0 | D:1      | Reached XP level 1. HP: 19/19 MP: 0/0
   274 | D:1      | Reached skill level 4 in Armour
   274 | D:1      | Reached XP level 2. HP: 16/27 MP: 1/1
   891 | D:2      | Reached XP level 3. HP: 22/33 MP: 2/2
   905 | D:2      | You fall into a shaft and drop 2 floors!
  1097 | D:4      | Found a staircase to the Ecumenical Temple.
  1102 | D:4      | Noticed Natasha
  1108 | D:4      | Killed Natasha
  1131 | Temple   | Entered the Ecumenical Temple
  1407 | Temple   | Became a worshipper of Yredelemnul the Dark
  1517 | D:4      | Noticed a phantom
  1548 | D:4      | Killed a phantom
  1549 | D:4      | Reached skill level 1 in Dodging
  1549 | D:4      | Reached XP level 4. HP: 28/41 MP: 3/3
  1549 | D:4      | Reached XP level 5. HP: 33/47 MP: 4/4
  1586 | D:4      | Noticed Natasha
  1598 | D:4      | Killed Natasha
  1599 | D:4      | Reached skill level 5 in Armour
  1887 | D:4      | Noticed Natasha
  1922 | D:4      | Killed from afar by Natasha

Illustrated notes

Levels and vault maps discovered:
D:1:      matt_arrival_diagonals, layout_basic
D:2:      layout_basic
D:4:      layout_rooms, minmay_temple_entry_statues_fountains,
          roderic_serpentine_path, minivault_19, uniq_natasha
Temple:   dpeg_three_leaves_temple

Skill      XL: |  1  2  3  4  5 |
---------------+----------------+-----
Fighting       | 4 |  4.5
Armour         | 4 5 |  5.2
Axes           | 4 |  4.2
Shields        | 4 |  4.2
Dodging        | 1 |  1.3

Action                   |  1- 3 |  4- 6 || total
-------------------------+-------+-------++-------
Melee: War axe           |    57 |    20 ||    77
       Headbutt          |    15 |     7 ||    22
  Use: Potion            |     1 |     1 ||     2
Armor: Scale mail        |    19 |     9 ||    28
Dodge: Dodged            |    12 |     8 ||    20
Block: Kite shield       |    22 |    16 ||    38
